 Dungeon Crawl Stone Soup version 0.28.0 (webtiles) character file.

Game seed: 17388117504754581753

2442 horus123 the Ogre Mage (level 9, -7/82 (89) HPs)
             Began as an Ogre Ice Elementalist on Feb 13, 2022.
             Was an Initiate of Vehumet.
             Mangled by a wight (11 damage)
             ... on level 7 of the Dungeon.
             The game lasted 00:18:54 (8781 turns).

horus123 the Ogre Mage (Ogre Ice Elementalist)      Turns: 8781, Time: 00:18:54

HP:   -7/82 (89)    AC:  3    Str: 14    XL:     9   Next: 49%
MP:   18/18         EV:  9    Int: 20    God:    Vehumet [......]
Gold: 414           SH:  0    Dex:  9    Spells: 3/21 levels left

rFire   . . .      SeeInvis .   t - +1 flail (holy)
rCold   . . .      Faith    .   (no shield)
rNeg    . . .      Spirit   .   a - +0 robe
rPois   +          Reflect  .   (helmet restricted)
rElec   .          Harm     .   (no cloak)
rCorr   .          Rampage  .   (gloves unavailable)
Will    +....                   (boots unavailable)
Stlth   +.........              (no amulet)
HPRegen 0.23/turn               f - ring of willpower
MPRegen 0.16/turn               r - ring of poison resistance

@: studying Shields, drained
A: large, unfitting armour, tough skin 1
a: Renounce Religion


You were on level 7 of the Dungeon.
You worshipped Vehumet.
Vehumet was noncommittal.
You visited 2 branches of the dungeon, and saw 8 of its levels.

You collected 414 gold pieces.

Inventory:

Hand Weapons
 b - a +1 whip of freezing
 i - a +2 mace of protection
 t - a +1 flail of holy wrath (weapon)
Missiles
 c - 2 throwing nets
Armour
 a - a +0 robe (worn)
 p - a +0 kite shield
Jewellery
 f - a ring of willpower (left hand)
 j - a +6 ring of strength
 q - a ring of fire
 r - a ring of poison resistance (right hand)
Wands
 l - a wand of digging (5)
Scrolls
 e - 4 scrolls of teleportation
 g - 2 scrolls of magic mapping
 h - 2 scrolls of fear
 k - 3 scrolls of silence
 s - a scroll of fog
 u - a scroll of vulnerability {unknown}
 v - a scroll of identify
Potions
 d - 2 potions of flight
 m - a potion of lignification
 n - 2 potions of brilliance
 o - 3 potions of attraction {unknown}


   Skills:
 - Level 6.1 Fighting
 - Level 3.5 Maces & Flails
 - Level 1.7 Dodging
 - Level 1.4 Stealth
 + Level 6.5 Spellcasting
 - Level 3.0 Transmutations
 - Level 6.4 Ice Magic
 - Level 5.3 Poison Magic


You had 3 spell levels left.
You knew the following spells:

 Your Spells              Type           Power      Damage    Failure   Level
a - Freeze                Ice            100%       1d11      1%          1
b - Frozen Ramparts       Ice            64%        1d8       1%          3
c - Ozocubu's Armour      Ice            32%        N/A       1%          3
d - Hailstorm             Conj/Ice       19%        3d6       26%         4
e - Spider Form           Tmut/Pois      23%        N/A       5%          3
f - Olgreb's Toxic Radia  Pois           28%        N/A       11%         4

Your spell library contained the following spells:

 Spells                   Type           Power      Damage    Failure   Level
 Sting                    Tmut/Pois      92%        1d7       1%          1
 Beastly Appendage        Tmut           36%        N/A       2%          1
 Poisonous Vapours        Pois/Air       34%        N/A       4%          2
 Wereblood                Tmut           18%        N/A       4%          2
 Apportation              Tloc           12%        N/A       10%         1
 Ignite Poison            Fire/Tmut/Pois 17%        N/A       10%         3
 Conjure Flame            Conj/Fire      6%         6-21      30%         3
 Alistair's Intoxication  Tmut/Pois      15%        N/A       43%         5
 Petrify                  Tmut/Erth      12%        N/A       45%         4
 Metabolic Englaciation   Hex/Ice        9%         N/A       58%         5
 Sticky Flame             Conj/Fire      6%         2d3       69%         4
 Statue Form              Tmut/Erth      8%         N/A       100%        6


Dungeon Overview and Level Annotations

Branches:
Dungeon (7/15)             Temple (1/1) D:6

Altars:
Ashenzari
Cheibriados
Dithmenos
Fedhas
Hepliaklqana
Kikubaaqudgha
Makhleb
Nemelex Xobeh
Okawaru
Qazlal
Ru
Uskayaw
Vehumet
Wu Jian
Yredelemnul
The Shining One

Annotations:
D:3 2 transporters, issech's ghost, amateur TrMo


Innate Abilities, Weirdness & Mutations

You are too large for most types of armour.
You have tough skin. (AC +1)


Message History

Unknown command.
j - a +6 ring of strength
Items here: ))) [[[.
Okay, then.
A wight is nearby!
You are too injured to fight recklessly!
You are too injured to fight recklessly!
The wight closely misses you.
You sock the wight!
The wight convulses!
The wight is almost destroyed.
The wight closely misses you.
You hit the wight but do no damage.
The wight is almost destroyed.
The wight hits you with a +0 scimitar! x2
* * * LOW HITPOINT WARNING * * *
You closely miss the wight.
The wight is almost destroyed.
The wight barely misses you.
You closely miss the wight.
The wight is almost destroyed.
The wight hits you with a +0 scimitar.
* * * LOW HITPOINT WARNING * * *
You feel drained.
* * * LOW HITPOINT WARNING * * *
You completely miss the wight.
The wight is almost destroyed.
The wight hits you with a +0 scimitar!
* * * LOW HITPOINT WARNING * * *
You hit the wight but do no damage.
The wight is almost destroyed.
The wight hits you with a +0 scimitar.
* * * LOW HITPOINT WARNING * * *
You feel drained.
* * * LOW HITPOINT WARNING * * *
The wight misses you.
Okay, then.
You hit the wight but do no damage.
The wight is almost destroyed.
The wight hits you with a +0 scimitar!
You die...

#.....########
#.#..........#
#.#.#.######.#
#.......# #.#
###.#.#.# #.#
###.#.# #$#
#.# # #.# #
#.#.####z# .#
#.#.....@##.#
#.######....#
#.# ##.### #.#
#)#
#.#######.#
#.........#
#########.#
###


You could see a wight.

Vanquished Creatures
  A troll (D:7)
  2 orc warriors
  A black bear (D:5)
  A sky beast (D:7)
  2 necrophages (D:6)
  An ogre (D:6)
  A kobold brigand (D:6)
  A phantom (D:5)
  A bullfrog (D:4)
  2 gnoll sergeants
  A scorpion (D:5)
  3 wights (D:7)
  A howler monkey (D:6)
  3 centaur zombies
  3 hounds
  A jelly (D:3)
  A bullfrog skeleton (D:5)
  4 orc priests
  2 gnoll shamans
  2 centaur skeletons (D:7)
  Terence (D:3)
  2 iguanas
  4 orc wizards
  A hound zombie (D:3)
  2 hound skeletons
  A mummy (D:4)
  17 gnolls
  5 adders
  A shadow imp (D:6)
  4 ufetubi
  3 worms
  17 orcs
  7 ball pythons
  7 bats
  6 endoplasms
  2 giant cockroaches (D:2)
  4 goblins
  8 hobgoblins
  3 jackals (D:5)
  3 quokkas
  A frilled lizard (D:2)
  A hobgoblin zombie (D:4)
  11 kobolds
  2 kobold zombies (D:4)
  An orc zombie (D:4)
  2 rats
150 creatures vanquished.

Notes
Turn   | Place    | Note
-------+----------+-------------------------------------------
     0 | D:1      | horus123 the Ogre Ice Elementalist began the quest for the
                  | Orb.
     0 | D:1      | Reached XP level 1. HP: 16/16 MP: 3/3
   321 | D:1      | Found a faded altar of an unknown god.
   338 | D:1      | Reached XP level 2. HP: 23/24 MP: 3/6
  1230 | D:2      | Reached XP level 3. HP: 31/31 MP: 5/8
  1988 | D:3      | Reached skill level 5 in Spellcasting
  1988 | D:3      | Reached XP level 4. HP: 30/39 MP: 7/11
  2000 | D:3      | Learned a level 3 spell: Frozen Ramparts
  2004 | D:3      | Learned a level 3 spell: Ozocubu's Armour
  2009 | D:3      | Learned a level 4 spell: Hailstorm
  2222 | D:3      | Noticed Terence
  2231 | D:3      | Killed Terence
  2333 | D:3      | Found a transporter.
  2338 | D:3      | Found a transporter.
  2338 | D:3      | Noticed an ogre
  2339 | D:3      | Noticed issech's ghost (amateur TrMo)
  2342 | D:3      | Identified the +7 dire flail of Tojoi {freeze, Str+6}
  2342 | D:3      | Noticed an ogre
  2353 | D:3      | Reached XP level 5. HP: 45/45 MP: 9/12
  2680 | D:3      | Reached skill level 5 in Ice Magic
  2993 | D:4      | Reached XP level 6. HP: 53/53 MP: 8/13
  3608 | D:4      | Reached XP level 7. HP: 39/59 MP: 0/14
  3826 | D:4      | Learned a level 3 spell: Spider Form
  4444 | D:4      | Reached skill level 1 in Poison Magic
  4578 | D:5      | Entered Level 5 of the Dungeon
  5218 | D:5      | Reached XP level 8. HP: 36/67 MP: 5/15
  5812 | D:6      | Reached skill level 5 in Poison Magic
  5848 | D:6      | Reached skill level 1 in Transmutations
  6302 | D:6      | Reached skill level 1 in Fighting
  6573 | D:6      | Found a staircase to the Ecumenical Temple.
  6584 | Temple   | Entered the Ecumenical Temple
  6650 | Temple   | Became a worshipper of Vehumet
  6814 | D:6      | Reached skill level 5 in Fighting
  6960 | D:5      | Reached XP level 9. HP: 18/89 MP: 5/16
  7700 | D:7      | Reached skill level 1 in Maces & Flails
  7748 | D:7      | Noticed a troll
  7760 | D:7      | Killed a troll
  7987 | D:7      | Found a basalt altar of Yredelemnul.
  7987 | D:7      | Found a sacrificial altar of Ru.
  8657 | D:7      | Learned a level 4 spell: Olgreb's Toxic Radiance
  8780 | D:7      | HP: 4/82 [wight (1)]
  8781 | D:7      | Mangled by a wight

Illustrated notes

Levels and vault maps discovered:
D:1:      mainiacjoe_arrival_reflecting_pool, layout_basic,
          shapermc_ecumenical_altar_acropolis
D:2:      layout_basic, serial_park_tiny_2
D:3:      layout_rooms, gammafunk_ghost_smash, uniq_terence
D:4:      layout_loops_ring, minmay_mini_ossuary
D:5:      layout_basic, chequers_serial_rivers_room_b
D:6:      layout_cave_pods, minmay_temple_entry_overgrown, st_stairs_5
D:7:      layout_basic, gammafunk_temple_overflow_statue
Temple:   zaba_magenta_temple

Skill      XL: |  1  2  3  4  5  6  7  8  9 |
---------------+----------------------------+-----
Spellcasting   | 3 5 6 |  6.5
Ice Magic      | 4 5 6 |  6.4
Poison Magic   | 4 5 |  5.3
Transmutations | 3 |  3.0
Fighting       | 6 |  6.1
Maces & Flails | 3 |  3.5
Dodging        | |  1.7
Stealth        | |  1.4

Action                   |  1- 3 |  4- 6 |  7- 9 || total
-------------------------+-------+-------+-------++-------
Melee: Whip              |    46 |    16 |       ||    62
       Mace              |       |    20 |   161 ||   181
       Punch             |       |     1 |     6 ||     7
       Unarmed           |       |       |    18 ||    18
       Flail             |       |       |    41 ||    41
 Cast: Freeze            |    32 |    49 |    55 ||   136
       Frozen Ramparts   |       |     7 |    26 ||    33
       Ozocubu's Armour  |       |     2 |     9 ||    11
       Spider Form       |       |       |     1 ||     1
  Use: Scroll            |     5 |     2 |     4 ||    11
       Potion            |       |       |     5 ||     5
 Stab: Sleeping          |     3 |       |     1 ||     4
Armor: Robe              |    22 |    26 |   155 ||   203
       Skin              |       |       |     1 ||     1
Dodge: Dodged            |    37 |    42 |   181 ||   260
